 Dungeon Crawl Stone Soup version 0.22-a0-515-g75794bf (webtiles) character file.

215 galech the Skirmisher (level 5, -1/57 HPs)
             Began as an Ogre Berserker on June 19, 2018.
             Was a Priest of Trog.
             Slain by an orc
             ... wielding a +0 mace
              (5 damage)
             ... on level 4 of the Dungeon.
             The game lasted 00:04:29 (3668 turns).

galech the Skirmisher (Ogre Berserker)              Turns: 3668, Time: 00:04:30

Health: -1/57      AC:  5    Str: 22    XL:     5   Next: 92%
Magic:  5/5        EV: 11    Int:  8    God:    Trog [***...]
Gold:   234        SH:  0    Dex:  8    Spells: 4/4 levels left

rFire    . . .     SeeInvis .   a - +0 mace
rCold    . . .     Gourm    .   (no shield)
rNeg     . . .     Faith    .   b - +0 animal skin
rPois    .         Spirit   .   s - +2 hat
rElec    .         Reflect  .   (no cloak)
rCorr    .         Harm     .   (gloves unavailable)
MR       .....                  (boots unavailable)
Stlth    +.........             (no amulet)
HPRegen  0.19/turn              (no ring)
MPRegen  0.09/turn              (no ring)

@: berserk cooldown, slowed, very slow
A: large, unfitting armour, tough skin 1
a: Berserk, Trog's Hand, Renounce Religion


You were on level 4 of the Dungeon.
You worshipped Trog.
Trog was most pleased with you.
You were not hungry.

You visited 1 branch of the dungeon, and saw 4 of its levels.

You collected 234 gold pieces.

Inventory:

Hand Weapons
 a - a +0 mace (weapon)
Armour
 b - a +0 animal skin (worn)
 s - a +2 hat (worn)
Wands
 w - a wand of iceblast (10)
Scrolls
 d - 4 scrolls of teleportation {unknown}
 e - a scroll of fog {unknown}
 h - a scroll of amnesia {unknown}
 i - 3 scrolls of enchant weapon {unknown}
 k - 2 scrolls of remove curse {unknown}
 l - 6 scrolls of identify {unknown}
 n - a scroll of random uselessness {unknown}
 p - 3 scrolls of magic mapping {unknown}
 r - a scroll of noise {unknown}
 v - a scroll of blinking {unknown}
Potions
 g - 2 potions of degeneration {unknown}
 j - 3 potions of heal wounds {unknown}
 m - a potion of haste {unknown}
 o - 2 potions of might {unknown}
 q - a potion of magic {unknown}
 t - a potion of flight {unknown}
 u - 2 potions of curing {unknown}
Comestibles
 c - 8 rations


   Skills:
 + Level 5.3 Fighting
 + Level 4.4 Maces & Flails
 + Level 3.8 Dodging
 + Level 0.2 Stealth


You had 4 spell levels left.
You didn't know any spells.
Your spell library was empty.

Dungeon Overview and Level Annotations

Branches:
Dungeon (4/15)
 Temple: D:4-7

Altars:
Fedhas
Okawaru
Qazlal


Innate Abilities, Weirdness & Mutations

You are too large for most types of armour.
You have tough skin. (AC +1)


Message History

You feel somewhat more hungry. The orc misses you. The orc closely misses you.
The orc barely misses you. The orc hits you with a mace. The orc hits you.
* * * LOW HITPOINT WARNING * * *
The orc hits you but does no damage. The orc barely misses you.
You feel the effects of Trog's Hand fading.
The orc barely misses you. The adder barely misses you.
The orc hits you with a flail.
* * * LOW HITPOINT WARNING * * *
The orc hits you.
* * * LOW HITPOINT WARNING * * *
The adder completely misses you. The orc hits you with a flail!
* * * LOW HITPOINT WARNING * * *
The adder barely misses you. The orc barely misses you.
Your skin stops crawling.
You feel less resistant to hostile enchantments.
The adder bites you.
* * * LOW HITPOINT WARNING * * *
The orc hits you with a mace.
You die...

#..........###.#.##....#
o.####....................#.
...............#.......##.#.
####................<......
##..........#..(.........
#.....................#..
###........................
#.......oo.................
#....#.....oS@..#.............
#..##...##...o..##............<
#.#...############.#.###.......
....## .....# #....... ....
#.....# #.#..... ... #.....#
#.#..... ... #.....# ####....
####### ##... ###


You could see an adder and 4 orcs.

Vanquished Creatures
  A hound (D:4)
  10 adders
  2 worms
  2 dart slugs (D:2)
  4 leopard geckos
  2 orcs (D:3)
  7 bats
  5 giant cockroaches
  11 goblins
  12 hobgoblins
  2 quokkas
  A ball python (D:1)
  4 frilled lizards
  9 kobolds
  9 rats
  A bush (D:3)
  A fungus (D:3)
83 creatures vanquished.

Notes
Turn   | Place    | Note
-------+----------+-------------------------------------------
     0 | D:1      | galech the Ogre Berserker began the quest for the Orb.
     0 | D:1      | Reached XP level 1. HP: 24/24 MP: 1/1
   143 | D:1      | Reached XP level 2. HP: 25/32 MP: 2/2
   682 | D:1      | Reached XP level 3. HP: 28/40 MP: 3/3
   685 | D:1      | Reached ** piety under Trog
  1003 | D:2      | Reached XP level 4. HP: 29/49 MP: 4/4
  1688 | D:2      | Found an iron altar of Okawaru.
  2160 | D:3      | Reached XP level 5. HP: 39/55 MP: 5/5
  2913 | D:3      | Reached *** piety under Trog
  3061 | D:3      | Found a stormy altar of Qazlal.
  3088 | D:3      | Reached skill level 5 in Fighting
  3289 | D:3      | Found a blossoming altar of Fedhas.
  3668 | D:4      | Slain by an orc

Vault maps used:
D:1:      dpeg_arrival_morbid_curiosity, hex_large, st_stairs_12
D:2:      okawaru_metal_pillars_3, first_ration, grunt_decor_resistance
D:3:      grunt_temple_overflow_forces_of_nature
D:4:      gammafunk_temple_overflow_forgotten

Skill      XL: |  1  2  3  4  5 |
---------------+----------------+-----
Dodging        | 3 |  3.8
Maces & Flails | 3 4 |  4.4
Fighting       | 5 |  5.3
Stealth        | |  0.2

Action                   |  1- 3 |  4- 6 || total
-------------------------+-------+-------++-------
Melee: Mace              |   116 |   322 ||   438
Invok: Berserk           |     2 |     5 ||     7
       Trog's Hand       |       |     3 ||     3
  Eat: Chunk             |     1 |    13 ||    14
       Ration            |       |     1 ||     1
Armor: Animal skin       |    66 |   101 ||   167
Dodge: Dodged            |   122 |   172 ||   294

Table legend:
 A = Spawn XP
 B = Non-spawn XP
 C = Spawn XP percentage of total XP
 D = Spawn monster count
 E = Non-spawn monster count
 F = Spawn count percentage of total count
 G = Total turns spent on level
                    A         B        C        D         E        F      G
               +---------+---------+-------+---------+---------+-------+---------
         Total |       0 |     308 |   0.0 |       0 |      81 |   0.0 |  3668
               +---------+---------+-------+---------+---------+-------+---------
           D:1 |       0 |      38 |   0.0 |       0 |      24 |   0.0 |   758
           D:2 |       0 |     115 |   0.0 |       0 |      29 |   0.0 |  1326
           D:3 |       0 |      86 |   0.0 |       0 |      25 |   0.0 |  1482
           D:4 |       0 |      69 |   0.0 |       0 |       3 |   0.0 |   102
               +---------+---------+-------+---------+---------+-------+---------
